 Dungeon Crawl Stone Soup version 0.22.0-16-gc6d26f6 (webtiles) character file.

271 Loudmushroom the Chopper (level 6, -4/55 HPs)
             Began as a Minotaur Fighter on Aug 17, 2018.
             Slain by an iguana (8 damage)
             ... on level 4 of the Dungeon.
             The game lasted 00:16:20 (2627 turns).

Loudmushroom the Chopper (Minotaur Fighter)         Turns: 2627, Time: 00:16:21

Health: -4/55      AC:  8    Str: 20    XL:     6   Next: 2%
Magic:  5/5        EV:  7    Int:  5    God:
Gold:   154        SH: 10    Dex: 12    Spells: 5/5 levels left

rFire    . . .     SeeInvis .   a - +0 war axe
rCold    . . .     Gourm    .   c - +0 shield
rNeg     . . .     Faith    .   b - +0 scale mail
rPois    .         Spirit   .   (helmet restricted)
rElec    .         Reflect  .   E - +0 cloak
rCorr    .         Harm     .   (no gloves)
MR       .....                  (no boots)
Stlth    ..........             (no amulet)
HPRegen  0.18/turn              (no ring)
MPRegen  0.09/turn              (no ring)

@: lethally poisoned (-4 -> -16)
A: retaliatory headbutt, horns 2
a: no special abilities


You were on level 4 of the Dungeon.
You were hungry.

You visited 1 branch of the dungeon, and saw 4 of its levels.

You collected 154 gold pieces.

Inventory:

Hand Weapons
 a - a +0 war axe (weapon)
 e - a +0 hunting sling
Missiles
 l - 2 needles of frenzy
 q - 25 arrows
 t - 14 bolts
 u - 61 stones
 x - 30 sling bullets
 z - 8 tomahawks (quivered)
Armour
 b - a +0 scale mail (worn)
 c - a +0 shield (worn)
 E - a +0 cloak (worn)
Jewellery
 A - an uncursed ring of see invisible {unknown}
 D - a cursed ring of attention {unknown}
Wands
 B - a wand of flame (24)
Scrolls
 h - 2 scrolls of blinking {unknown}
 k - a scroll of enchant armour {unknown}
 o - a scroll of random uselessness {unknown}
 r - 6 scrolls of identify {unknown}
 y - a scroll of enchant weapon {unknown}
Potions
 d - a potion of might
 g - a potion of magic {unknown}
 i - a potion of agility {unknown}
 j - a potion of lignification {unknown}
 m - a potion of mutation {unknown}
 n - 2 potions of heal wounds {unknown}
 p - a potion of invisibility {unknown}
 s - 2 potions of brilliance {unknown}
 v - a potion of curing {unknown}
 C - a potion of haste {unknown}
Comestibles
 f - 8 rations
 w - 4 chunks of flesh


   Skills:
 + Level 4.8 Fighting
 * Level 5.1 Axes
 + Level 4.8 Armour
 + Level 4.9 Shields


You had 5 spell levels left.
You didn't know any spells.
Your spell library was empty.

Dungeon Overview and Level Annotations

Branches:
Dungeon (4/15)
 Temple: D:4-7

Altars:
Makhleb
Nemelex Xobeh
Trog
Uskayaw


Innate Abilities, Weirdness & Mutations

You reflexively headbutt those who attack you in melee.
You have a pair of horns on your head.


Message History

You kill the orc wizard!
You have reached level 6!
Your experience leads to an increase in your attributes!
Increase (S)trength, (I)ntelligence, or (D)exterity?
You feel agile.
You slash the iguana! You closely miss the worker ant.
* * * LOW HITPOINT WARNING * * *
You feel sick. The worker ant closely misses you. You furiously retaliate!
You headbutt the worker ant, but do no damage.
The iguana bites you but does no damage.
The worker ant bites you.
* * * LOW HITPOINT WARNING * * *
You are more poisoned.
The worker ant poisons you!
You hit the iguana but do no damage.
The iguana is severely wounded.
You slash the worker ant!
* * * LOW HITPOINT WARNING * * *
You feel sick. You block the worker ant's attack. The iguana bites you!
You die...

##### #### ##...##...# .
##.......... ...
#...........
.?...########...........
......l@................
......a)).####..........
.....#....# ##........#
...# #.....## ####.#..##
## #....... #..#....
....#.##.# ##.##....
........#..##..##....
#..)....##........)..
#.......###..........


You could see an iguana and a worker ant.

Vanquished Creatures
  A crimson imp (D:4)
  A bullfrog skeleton (D:4)
  A hound (D:2)
  An orc wizard (D:4)
  Jessica (D:3)
  4 adders (D:3)
  A gnoll (D:1)
  An ooze (D:1)
  An adder skeleton (D:4)
  A worm (D:2)
  3 dart slugs
  3 leopard geckos
  4 orcs
  7 bats
  4 giant cockroaches
  10 goblins
  6 hobgoblins
  2 jackals (D:4)
  3 frilled lizards
  3 kobolds
  3 rats (D:1)
61 creatures vanquished.

Notes
Turn   | Place    | Note
-------+----------+-------------------------------------------
     0 | D:1      | Loudmushroom the Minotaur Fighter began the quest for the Orb.
     0 | D:1      | Reached XP level 1. HP: 19/19 MP: 0/0
    71 | D:1      | Reached XP level 2. HP: 27/27 MP: 1/1
   133 | D:1      | Reached skill level 3 in Axes
   382 | D:1      | Reached XP level 3. HP: 33/33 MP: 2/2
   758 | D:2      | Found a burning altar of Makhleb.
   855 | D:2      | Reached XP level 4. HP: 29/40 MP: 3/3
  1022 | D:2      | Found a sparkling altar of Nemelex Xobeh.
  1656 | D:3      | Found a bloodstained altar of Trog.
  1699 | D:3      | Found a transporter.
  1716 | D:3      | Found a transporter.
  2027 | D:3      | Reached skill level 4 in Axes
  2059 | D:3      | Found a hide-covered altar of Uskayaw.
  2066 | D:3      | Noticed a dagger
  2066 | D:3      | Noticed a hand axe
  2127 | D:3      | Noticed Jessica
  2132 | D:3      | Killed Jessica
  2218 | D:3      | Reached XP level 5. HP: 47/47 MP: 4/4
  2566 | D:4      | Reached skill level 5 in Axes
  2626 | D:4      | Reached XP level 6. HP: 8/55 MP: 5/5
  2627 | D:4      | Slain by an iguana

Skill      XL: |  1  2  3  4  5 |
---------------+----------------+-----
Axes           | 3 4 5 |  5.1
Fighting       | 4 |  4.8
Shields        | 4 |  4.9
Armour         | 4 |  4.8

Action                   |  1- 3 |  4- 6 || total
-------------------------+-------+-------++-------
Melee: War axe           |    50 |    94 ||   144
       Headbutt          |     7 |    15 ||    22
  Eat: Chunk             |       |     5 ||     5
Armor: Scale mail        |    23 |    50 ||    73
Dodge: Dodged            |    21 |    34 ||    55
Block: Shield            |    19 |    70 ||    89
